Unix NetHack Version 5.0.0-0 post-release - last build Jun 10 2026 00:39:30 (3ee93aec679c4c4259841fe613dc97188e26a321,branch:main).

Game began 2026-06-27 17:09:22, ended 2026-06-27 17:14:35.

DaveT, lawful male human Priest

  ------
  |.<..|
  |....|
  |....|
  |....-#
  |....|#
  ---.--#
     #  #
     ####
        ##
        #
        #
        #--.-+--
        #|r@r..|
        #.@rr%.|
         |Z.....
         -------

DaveT the Acolyte            St:14 Dx:8 Co:11 In:13 Wi:18 Ch:10  Lawful
Dlvl:4  $:29 HP:0(32) Pw:31(31) AC:6  Xp:3 T:1194 

Latest messages:
 You hear someone cursing shoplifters.
 You find a hidden door.
 This door is locked.
 This door is locked.
 This door is locked.
 This door is locked.
 This door is locked.
 This door is locked.
 In what direction? l
 Whammm!!
 In what direction? l
 Thwack!!
 In what direction? l
 Whammm!!
 In what direction? ^L
 Thwack!!
 In what direction? ^L
 Whammm!!
 In what direction? l
 Whammm!!
 In what direction? l
 Whammm!!
 In what direction? l
 Whammm!!
 In what direction? ^L
 As you kick the door, it crashes open!
 The wererat hits!
 The kobold zombie hits!
 You see here a cram ration.
 The wererat picks up a cram ration.
 The kobold zombie hits!
 You hit the wererat!
 The wererat hits!
 The kobold zombie hits!
 The wererat summons help!
 A sewer rat suddenly appears next to you!
 A sewer rat suddenly appears next to you!
 A sewer rat suddenly appears next to you!
 A sewer rat suddenly appears next to you!
 A sewer rat suddenly appears next to you!
 The wererat hits!
 You kill the sewer rat!
 The sewer rat just misses!
 The sewer rat misses!
 The sewer rat bites!
 The sewer rat bites!
 The wererat hits!
 You die...
 Do you want your possessions identified? [ynq] (y) y
 Do you want to see your attributes? [ynq] (y) q

Inventory:
 Coins    ('$')
  $ - 29 gold pieces
 Weapons  (')')
  p - a cursed +0 elven dagger
  m - a +0 orcish dagger (at the ready)
  a - a blessed +2 mace (weapon in right hand)
 Armor    ('[')
  j - a +0 orcish helm (being worn)
  n - a cursed corroded -4 orcish helm
  c - a +0 small shield (being worn)
  b - a +0 robe (being worn)
 Comestibles  ('%')
  e - a clove of garlic
  f - a sprig of wolfsbane
 Spellbooks  ('+')
  h - a spellbook of create monster
  g - a spellbook of healing
  q - a spellbook of healing
 Potions  ('!')
  d - 4 potions of holy water
 Wands    ('/')
  o - a wand of cold (0:6)
 Tools    ('(')
  l - a cursed bag of tricks (0:10)
  i - a magic marker (0:19)
 Gems/Stones  ('*')
  t - a citrine stone

DaveT the Priest's attributes:

Background:
 You were an Acolyte, a level 3 human Priest.
 You were lawful, nominally on a mission for Shan Lai Ching
 who was opposed by Chih Sung-tzu (neutral) and Huan Ti (chaotic).
 You were right-handed.
 You were in the Dungeons of Doom, on level 4.
 You entered the dungeon 1194 turns ago.
 You had 57 experience points, 23 more were needed to attain level 4.

Basics:
 You had 0 out of 32 hit points.
 You had all 31 energy points (spell power).
 Your armor class was 6.
 Your wallet contained 29 zorkmids.
 Autopickup was off.

Final Characteristics:
 Your strength was 14 (limit:18/100).
 Your dexterity was 8 (peak:11, limit:18).
 Your constitution was 11 (limit:18).
 Your intelligence was 13 (limit:18).
 Your wisdom was 18 (limit:18).
 Your charisma was 10 (limit:18).

Final Status:
 You weren't hungry.
 You were unencumbered.
 You were wielding a mace.
 You had basic skill with mace.

Final Attributes:
 You were devoutly aligned.
 You were guarded.
 Your spell casting was enhanced by wearing a robe.
 You are dead.

Miscellaneous:
 You didn't encounter any bones levels.
 Total elapsed playing time was 5 minutes and 12 seconds.

Major events:
 Turn
    1: DaveT the lawful human Priest entered the dungeon
 1001: attained the rank of Acolyte (level 3)
 1194: killed by a wererat

Spells:
 Name                 Level Category     Fail Retention
 healing                1   healing        0%  76%-100%
 create monster         2   clerical       0%  91%-100%

Skills:
 Fighting Skills
   bare handed combat [Unskilled]
 Weapon Skills
   club               [Unskilled]
   mace               [Basic]
   morning star       [Unskilled]
   flail              [Unskilled]
   hammer             [Unskilled]
   quarterstaff       [Unskilled]
   polearms           [Unskilled]
   spear              [Unskilled]
   trident            [Unskilled]
   lance              [Unskilled]
   bow                [Unskilled]
   sling              [Unskilled]
   crossbow           [Unskilled]
   dart               [Unskilled]
   shuriken           [Unskilled]
   boomerang          [Unskilled]
   unicorn horn       [Unskilled]
 Spellcasting Skills
   healing spells     [Unskilled]
   divination spells  [Unskilled]
   clerical spells    [Basic]

Voluntary challenges:
 Character rerolling was not enabled.
 You were an atheist.
 You never genocided any monsters.
 You never polymorphed an object.
 You never changed form.
 You used no wishes.
Achievement:
 You attained the rank of Acolyte.

 The Dungeons of Doom: levels 1 to 4
    Level 1: "vault door in NW"
    Level 2:
    Level 3:
    Level 4: <- You were here.
       Final resting place for
          you, killed by a wererat.


Vanquished creatures:
  a coyote
  a gas spore
  a large kobold
  2 cave spiders
  a yellow mold
  a gecko
  5 jackals
  a fox
  a goblin
  2 sewer rats
  8 grid bugs
  a lichen
  a kobold zombie
  3 newts
29 creatures vanquished.

No species were genocided or became extinct.

Game over:
                       ----------
                      /          \
                     /    REST    \
                    /      IN      \
                   /     PEACE      \
                  /                  \
                  |      DaveT       |
                  |      29 Au       |
                  |   killed by a    |
                  |     wererat      |
                  |                  |
                  |                  |
                  |       2026       |
                 *|     *  *  *      | *
        _________)/\\_//(\/(/\)/\//\/|_)_______

Goodbye DaveT the Priest...

You died in The Dungeons of Doom on dungeon level 4 with 435 points,
and 29 pieces of gold, after 1194 moves.
You were level 3 with a maximum of 32 hit points when you died.

